 Dungeon Crawl Stone Soup version 0.19.1 (webtiles) character file.

1196 hal2100 the Digger (level 8, -6/44 HPs)
             Began as a Gargoyle Earth Elementalist on Dec 12, 2016.
             Killed from afar by an orc wizard (11 damage)
             ... with a puff of flame
             ... on level 6 of the Dungeon.
             The game lasted 00:46:50 (4131 turns).

hal2100 the Digger (Gargoyle Earth Elementalist)    Turns: 4131, Time: 00:46:51

Health: -6/44      AC:  9    Str:  9 (12) XL:     8   Next: 44%
Magic:  6/17       EV: 17    Int: 17 (18) God:
Gold:   352        SH:  0    Dex: 14 (15) Spells: 3 memorised, 11 levels left

rFire  . . .     SeeInvis .     p - +0 whip
rCold  . . .     Gourm    .     c - +0 robe
rNeg   + . .     Faith    .     (no shield)
rPois  ∞         Spirit   .     (no helmet)
rElec  +         Reflect  .     (no cloak)
rCorr  .         Harm     .     (no gloves)
MR     .....                    D - +0 pair of boots
Stlth  ++........               (no amulet)
                                (no ring)
                                L - +1 ring of protection

@: confused, agile, very slightly contaminated, hasted, very quick
A: claws 1, negative energy resistance 1, electricity resistance, unbreathing,
petrification resistance, rot immunity, AC +5
a: no special abilities


You were on level 6 of the Dungeon.
You were hungry.

You visited 1 branch of the dungeon, and saw 6 of its levels.

You collected 352 gold pieces.

Inventory:

Hand Weapons
 g - a +0 short sword
 i - a +0 dagger of protection
 p - a +0 whip (weapon)
 y - a +0 flail
Missiles
 b - 44 stones (quivered)
Armour
 a - a +0 buckler
 c - a +0 robe (worn)
 n - a +0 shield
 r - a +3 leather armour
 D - a +0 pair of boots (worn)
 M - a cursed +0 robe
Jewellery
 L - a +1 ring of protection (left claw)
Wands
 t - a wand of acid (3/15)
 A - a wand of slowing (26/48)
Scrolls
 j - a scroll of magic mapping {unknown}
 m - 5 scrolls of identify
 o - 4 scrolls of amnesia
 q - 5 scrolls of remove curse {unknown}
 s - 2 scrolls of noise {unknown}
 u - a scroll of enchant weapon {unknown}
 v - a scroll of recharging {unknown}
 F - a scroll of blinking {unknown}
 H - a scroll of immolation {unknown}
 I - 2 scrolls of teleportation {unknown}
 K - a scroll of fear {unknown}
Potions
 x - a potion of lignification
 z - a potion of mutation
 C - a potion of magic {unknown}
 J - a potion of berserk rage {unknown}
 N - a potion of heal wounds
Books
 e - a book of Geomancy

   Spells                             Type                      Level
   a - Sandblast                      Earth                        1
   b - Passwall                       Transmutation/Earth          2
   c - Stone Arrow                    Conjuration/Earth            3
   d - Petrify                        Transmutation/Earth          4
   e - Lee's Rapid Deconstruction     Earth                        5
 E - a book of Necromancy

   Spells                             Type                      Level
   a - Pain                           Necromancy                   1
   b - Animate Skeleton               Necromancy                   1
   c - Vampiric Draining              Necromancy                   3
   d - Regeneration                   Charms/Necromancy            3
   e - Animate Dead                   Necromancy                   4
   f - Control Undead                 Necromancy                   4
 G - a book of Misfortune

   Spells                             Type                      Level
   a - Confusing Touch                Hexes                        1
   b - Confuse                        Hexes                        3
   c - Gell's Gravitas                Hexes/Translocation          3
   d - Petrify                        Transmutation/Earth          4
   e - Metabolic Englaciation         Hexes/Ice                    5
   f - Yara's Violent Unravelling     Hexes/Transmutation          5
Comestibles
 d - 5 bread rations
 f - 3 meat rations
 h - 3 fruits
 w - a royal jelly
 O - a beef jerky


   Skills:
 + Level 1.6 Fighting
 + Level 4.1 Maces & Flails
 - Level 1.7 Dodging
 - Level 2.1 Stealth
 + Level 1.3 Shields
 * Level 6.6 Spellcasting
   Level 0.7 Transmutations
 + Level 6.7 Earth Magic


You had 11 spell levels left.
You knew the following spells:

 Your Spells              Type           Power        Failure   Level  Hunger
a - Sandblast             Erth           ####..       1%          1    None
b - Stone Arrow           Conj/Erth      ###...       10%         3    ##.....
c - Lee's Rapid Deconstr  Erth           ####......   24%         5    #####..


Dungeon Overview and Level Annotations

Branches:
Dungeon (6/15)
 Temple: D:4-7

Altars:


Innate Abilities, Weirdness & Mutations

You are resistant to torment.
Your stone body is resilient. (AC +5)
You are immune to poison.
You resist negative energy. (rN+)
You are resistant to electric shocks. (rElec)
You can survive without breathing.
You are immune to petrification.
You are immune to rotting.
You have sharp fingernails.


Message History

The orc wizard flickers and vanishes!
The orc wizard hits you but does no damage.
You bump into the rock wall.
Something hits you but does no damage. x2
You feel as though your hastened speed will last longer.
The orc wizard closely misses you.
You bump into the rock wall.
Something hits you.
* * * LOW HITPOINT WARNING * * *
Something hits you.
* * * LOW HITPOINT WARNING * * *
The orc wizard hits you but does no damage.
It was a potion of degeneration.
There was something very wrong with that liquid.
You feel weakened.
You feel dopey.
You feel clumsy. Something hits you but does no damage. Something hits you.
* * * LOW HITPOINT WARNING * * *
It was a potion of agility.
You feel agile all of a sudden.
The orc wizard points at you and mumbles some strange words.
The puff of flame hits you!
You die...

......#
......##..#.#
)....##
...)...#..#.#
.....# .#
#.........#.##
...###
..###...........#
.###
...###.......#..#
.#
...####.##.....#
## ... ## ##.##.#
####.######)##.#
##....$.o@##.##.#
#..
........{{.#.##.#
... .
..$.........)##.#
###.#.
#####.#....####.#
..#.. #...####
#.# #.#.# #.###
#.# #.#.# #.
####.##### ....#
#.######........#
.#..#
#.#.........###.#


You could see an orc wizard.

Vanquished Creatures
  The ghost of azzavlup the Skirmisher, an amateur DsAK of Lugonu (D:3)
  A phantom (D:5)
  An ogre (D:4)
  A bullfrog (D:6)
  A scorpion (D:5)
  A howler monkey (D:4)
  A bullfrog zombie (D:5)
  3 crimson imps
  A quasit (D:5)
  2 hounds
  An orc priest (D:3)
  7 orc wizards
  2 worker ants (D:4)
  5 adders
  An ooze (D:4)
  2 worms
  A dart slug (D:2)
  A leopard gecko (D:3)
  20 orcs
  2 ball pythons
  7 bats
  A giant cockroach (D:6)
  7 goblins
  6 hobgoblins
  8 jackals
  6 kobolds
  4 quokkas
  5 frilled lizards
  2 rats (D:2)
101 creatures vanquished.

Notes
Turn   | Place    | Note
-------+----------+-------------------------------------------
     0 | D:1      | hal2100 the Gargoyle Earth Elementalist began the quest for the Orb.
     0 | D:1      | Reached XP level 1. HP: 10/10 MP: 3/3
   165 | D:1      | Reached XP level 2. HP: 13/15 MP: 3/5
   592 | D:2      | Reached XP level 3. HP: 19/19 MP: 2/7
   597 | D:2      | Learned a level 3 spell: Stone Arrow
   986 | D:2      | Reached XP level 4. HP: 23/24 MP: 9/9
  1159 | D:2      | Reached skill level 1 in Maces & Flails
  1557 | D:3      | Noticed azzavlup's ghost (amateur DsAK)
  1929 | D:3      | Reached XP level 5. HP: 28/28 MP: 4/10
  1936 | D:3      | Learned a level 5 spell: Lee's Rapid Deconstruction
  2092 | D:3      | Killed azzavlup's ghost
  2092 | D:3      | Reached skill level 5 in Earth Magic
  2092 | D:3      | Reached XP level 6. HP: 15/32 MP: 2/13
  2287 | D:4      | Reached skill level 5 in Spellcasting
  2798 | D:4      | Reached XP level 7. HP: 15/36 MP: 11/15
  3112 | D:5      | Entered Level 5 of the Dungeon
  3365 | D:5      | Reached XP level 8. HP: 34/41 MP: 1/17
  3793 | D:6      | Reached skill level 1 in Shields
  3807 | D:6      | Reached skill level 1 in Fighting
  4124 | D:6      | Gained mutation: You have sharp fingernails. [potion of mutation]
  4124 | D:6      | Gained mutation: You possess an exceptional clarity of mind. [potion of mutation]
  4124 | D:6      | Lost mutation: You possess an exceptional clarity of mind. [potion of mutation]
  4131 | D:6      | Killed from afar by an orc wizard

Skill      XL: |  1  2  3  4  5  6  7  8 |
---------------+-------------------------+-----
Spellcasting   | 3 4 5 6 |  6.6
Earth Magic    | 4 5 6 |  6.7
Maces & Flails | 1 2 3 4 |  4.1
Shields        | 1 |  1.3
Fighting       | 1 |  1.6
Dodging        | |  1.7
Stealth        | |  2.1
Transmutations | |  0.7

Action                   |  1- 3 |  4- 6 |  7- 9 || total
-------------------------+-------+-------+-------++-------
Melee: Whip              |    30 |    35 |    40 ||   105
 Cast: Sandblast         |    43 |    54 |    75 ||   172
       Stone Arrow       |       |     2 |    15 ||    17
       Lee's Rapid Decon |       |       |     3 ||     3
Evoke: Wand              |     1 |       |       ||     1
  Use: Potion            |       |     2 |     5 ||     7
       Scroll            |       |     1 |     1 ||     2
 Stab: Sleeping          |     1 |       |       ||     1
  Eat: Chunk             |       |     6 |     5 ||    11
Armor: Robe              |    33 |    18 |    41 ||    92
       Skin              |       |     2 |       ||     2
Dodge: Dodged            |    62 |    36 |    62 ||   160
